 Dungeon Crawl Stone Soup version 0.30.0 (webtiles) character file.

Game seed: 5106909078748392732

392 dialectric the Covert (level 6, 0/32 HPs)
             Began as a Spriggan Delver on May 6, 2023.
             Was an Initiate of Nemelex Xobeh.
             Killed from afar by an orc wizard (3 damage)
             ... with a puff of flame
             ... on level 4 of the Dungeon.
             The game lasted 00:07:49 (1556 turns).

dialectric the Covert (Spriggan Delver)             Turns: 1556, Time: 00:07:50

Health: 0/32       AC:  4    Str:  5 (8)  XL:     6   Next: 50%
Magic:  7/7        EV: 17    Int:  8 (11) God:    Nemelex Xobeh [......]
Gold:   127        SH:  0    Dex: 16 (19) Spells: 5/5 levels left

rFire   + . .        a - +0 short sword
rCold   + . .        (no shield)
rNeg    . . .        b - +0 robe
rPois   +            (helmet restricted)
rElec   +            (no cloak)
rCorr   +            (gloves unavailable)
SInv    +            (boots unavailable)
Will    +....        (no amulet)
Stlth   +++++        (no ring)
HPRegen 0.25/turn    (no ring)
MPRegen 0.10/turn

%: no passive effects
@: mighty, resistant, very quick
A: very small, no large weapons, unfitting armour, see invisible, speed 3,
iridescent scales 1, passive freeze
a: Renounce Religion, Draw Escape, Draw Destruction, Draw Summoning


You were on level 4 of the Dungeon.
You worshipped Nemelex Xobeh.
Nemelex Xobeh was noncommittal.
You visited 2 branches of the dungeon, and saw 4 of its levels.
You also visited: Ossuary.

You collected 127 gold pieces.

Inventory:

Hand Weapons
 a - a +0 short sword (weapon)
Missiles
 k - a boomerang (quivered)
 m - a throwing net
 p - 6 atropa-tipped darts
 s - 4 boomerangs of dispersal
Armour
 b - a +0 robe (worn)
Wands
 g - a wand of digging (3)
 r - a wand of roots (8)
Scrolls
 c - a scroll of fog
 d - 3 scrolls of magic mapping
 e - 2 scrolls of fear
 i - 2 scrolls of enchant weapon {unknown}
 l - a scroll of teleportation {unknown}
 o - a scroll of identify {unknown}
Potions
 f - 2 potions of haste
 h - 2 potions of mutation


   Skills:
 - Level 3.0 Fighting
 * Level 4.8 Short Blades
 - Level 1.2 Throwing
 - Level 3.0 Dodging
 - Level 10.3 Stealth


You had 5 spell levels left.
You didn't know any spells.
Your spell library was empty.

Dungeon Overview and Level Annotations

Branches:
Dungeon (6/15)             Temple (1/1) D:4         Ossuary (visited)

Altars:
Ashenzari
Cheibriados
Elyvilon
Gozag
Hepliaklqana
Kikubaaqudgha
Makhleb
Nemelex Xobeh
Okawaru
Qazlal
Sif Muna
Trog
Vehumet
Wu Jian
Yredelemnul
The Shining One


Innate Abilities, Weirdness & Mutations

You are very small and have problems with some larger weapons.
You are too small for most types of armour.
You have supernaturally acute eyesight. (SInv)
You cover ground extremely quickly. (Speed+++)
You are partially covered in iridescent scales. (AC +2)
A frigid envelope surrounds you and freezes all who hurt you.


Message History

You hit the orc wizard but do no damage.
The orc wizard is moderately wounded.
The orc wizard closely misses you.
You hit the orc wizard.
The orc wizard is heavily wounded.
The orc wizard gestures at you while chanting.
You are confused.
You hit the orc wizard but do no damage.
The orc wizard is heavily wounded.
The orc wizard hits you but does no damage.
The orc wizard hits you with a +2 dagger of freezing.
The orc wizard freezes you.
The orc wizard is very cold.
The orc wizard is heavily wounded.
There is a stone staircase leading down, spattered with blood here.
The orc wizard casts a spell at you. The magic dart hits you!
* * * LOW HITPOINT WARNING * * *
Things that are here:
a +0 ring mail; a +0 dagger It was a potion of degeneration.
There was something very wrong with that liquid.
You feel weakened.
You feel dopey.
You feel clumsy.
It was a potion of resistance.
You feel protected.
The orc wizard hits you with a +2 dagger of freezing.
* * * LOW HITPOINT WARNING * * *
The orc wizard is very cold.
The orc wizard is severely wounded.
It was a potion of might.
You feel very mighty all of a sudden.
You feel less confused. The orc wizard closely misses you.
Aiming: Fastroot
Press: ? - help, Shift-Dir - straight line The roots erupt in riotous growth!
Roots grab the orc wizard.
The grasping roots constrict the orc wizard.
The orc wizard casts a spell at you. The puff of flame hits you. You resist.
You die...
Your body disappears without a glow.

...............................#
#..###################.......#.#
.....# #.......#.# .....####
##### #########.# ........##
#...######### #.# .....##..##
#.>.#.......# #.#
.....###..#####...###.....# #.##
....##
##.....#.#.####....####... ....#
###...#.@.#..........##.# ....#
#...#.o.#..........##.# ....#
#...#...#.............# ....#
#...#####.##....##..### #####
##### #..†....##.## ####....##.#
##########....#..####
#..................(.
#....................


You could see an orc wizard (rooted).

Vanquished Creatures
  Grinder (D:6)
  4 hounds
  A jelly (D:5)
  A mummy (D:4)
  3 adders
  A dart slug (D:4)
  2 orcs (D:4)
  A ball python (D:4)
  An endoplasm (D:4)
  A hobgoblin (D:4)
  2 jackals (D:4)
  A gnoll zombie (Ossuary)
  A hobgoblin zombie (Ossuary)
  7 kobolds
  3 kobold zombies (Ossuary)
  An orc zombie (Ossuary)
31 creatures vanquished.

Notes
Turn   | Place    | Note
-------+----------+-------------------------------------------
     0 | D:5      | dialectric the Spriggan Delver began the quest for the Orb.
     0 | D:5      | Reached XP level 1. HP: 11/11 MP: 2/2
     8 | D:5      | Noticed a hound
    12 | D:5      | Killed a hound
    13 | D:5      | Reached skill level 8 in Stealth
    13 | D:5      | Reached XP level 2. HP: 16/16 MP: 3/3
    13 | D:5      | Reached XP level 3. HP: 19/19 MP: 4/4
    30 | D:6      | Reached skill level 9 in Stealth
    62 | D:6      | Noticed a kobold brigand
    62 | D:6      | Noticed a kobold brigand
   139 | D:5      | Reached XP level 4. HP: 23/23 MP: 5/5
   220 | D:5      | Reached skill level 10 in Stealth
   298 | D:5      | Reached XP level 5. HP: 27/27 MP: 6/6
   358 | D:4      | Noticed a black bear
   677 | D:4      | Found a staircase to the Ecumenical Temple.
   743 | D:4      | Found a sand-covered staircase.
   761 | Ossuary  | Entered an ossuary
   777 | Ossuary  | Gained mutation: A frigid envelope surrounds you and
                  | freezes all who hurt you. [potion of mutation]
   777 | Ossuary  | Gained mutation: You are partially covered in iridescent
                  | scales. (AC +2) [potion of mutation]
  1150 | D:6      | Noticed Grinder
  1154 | D:6      | Killed Grinder
  1155 | D:6      | Reached skill level 1 in Throwing
  1155 | D:6      | Reached XP level 6. HP: 30/32 MP: 7/7
  1268 | Temple   | Entered the Ecumenical Temple
  1478 | Temple   | Became a worshipper of Nemelex Xobeh the Trickster
  1556 | D:4      | Killed from afar by an orc wizard

Illustrated notes

Levels and vault maps discovered:
D:4:      layout_basic, minmay_temple_entry_from_below_a,
          nicolae_ossuary_entry_false_entrances, st_stairs_9
D:5:      layout_rooms, minmay_puff
D:6:      layout_loops_corners, minmay_unpleasant_kobolds, uniq_grinder
Temple:   nicolae_temple_elliptical

Skill      XL: |  1  2  3  4  5 |
---------------+----------------+-----
Stealth        | 8 9 10 | 10.3
Dodging        | 3 |  3.0
Fighting       | 3 |  3.0
Short Blades   | 4 |  4.8
Throwing       | 1 |  1.2

Action                     |  1- 3 |  4- 6 || total
---------------------------+-------+-------++-------
  Melee: Short sword       |     3 |   105 ||   108
  Throw: Boomerang         |       |    10 ||    10
  Evoke: Wand              |       |     1 ||     1
    Use: Potion            |       |     4 ||     4
   Stab: Sleeping          |     3 |     5 ||     8
 Armour: Robe              |       |    12 ||    12
  Dodge: Dodged            |     2 |    76 ||    78
